 Dungeon Crawl Stone Soup version 0.22-a0-425-g89d60a1 (webtiles) character file.

735 Firecrotchwizard the Carver (level 7, -5/64 HPs)
             Began as a Minotaur Berserker on May 24, 2018.
             Was an Elder of Trog.
             Slain by an orc warrior
             ... wielding a +0 halberd
              (20 damage)
             ... on level 5 of the Dungeon.
             The game lasted 00:09:33 (4496 turns).

Firecrotchwizard the Carver (Minotaur Berserker)    Turns: 4496, Time: 00:09:33

Health: -5/64      AC: 12    Str: 21    XL:     7   Next: 45%
Magic:  6/6        EV:  9    Int:  4    God:    Trog [****..]
Gold:   193        SH:  0    Dex: 12    Spells: 6/6 levels left

rFire    . . .     SeeInvis .   B - +1 long sword (slice)
rCold    . . .     Gourm    .   (no shield)
rNeg     . . .     Faith    .   d - +0 chain mail
rPois    .         Spirit   .   (helmet restricted)
rElec    .         Reflect  .   (no cloak)
rCorr    .         Harm     .   D - +2 pair of gloves
MR       .....                  (no boots)
Stlth    ..........             (no amulet)
HPRegen  0.20/turn              (no ring)
MPRegen  0.10/turn              (no ring)

@: berserk cooldown, slowed, very slow
A: retaliatory headbutt, horns 2
a: Berserk, Trog's Hand, Brothers in Arms, Renounce Religion


You were on level 5 of the Dungeon.
You worshipped Trog.
Trog was greatly pleased with you.
You were near starving.

You visited 1 branch of the dungeon, and saw 5 of its levels.
You also visited: Ossuary.

You collected 193 gold pieces.

Inventory:

Hand Weapons
 a - a +0 falchion
 B - a +1 long sword of slicing (weapon)
   (You found it on level 4 of the Dungeon)
Missiles
 r - 2 throwing nets {=f, !d}
Armour
 d - a +0 chain mail (worn)
   (You found it on level 1 of the Dungeon)
 D - a +2 pair of gloves (worn)
   (You found it on level 5 of the Dungeon)
Jewellery
 u - an uncursed amulet of magic regeneration {@e1}
   (You found it on level 3 of the Dungeon)
Scrolls
 g - a scroll of teleportation {unknown}
 i - 4 scrolls of identify
 j - a scroll of enchant armour
 k - a scroll of fog {unknown}
 m - a scroll of random uselessness {unknown}
 o - 2 scrolls of fear
 q - a scroll of remove curse
 x - a scroll of magic mapping {unknown}
 y - a scroll of enchant weapon {unknown}
Potions
 e - 4 potions of curing
 h - 2 potions of lignification {unknown}
 l - 5 potions of heal wounds {unknown}
 n - a potion of resistance {unknown}
 p - 2 potions of haste {unknown}
 t - 3 potions of degeneration {unknown}
 v - 2 potions of might {unknown}
 z - 2 potions of berserk rage {unknown}
 A - a potion of agility {unknown}
Comestibles
 c - 9 rations {@e1}


   Skills:
 + Level 6.5 Fighting
 * Level 8.5 Long Blades
 - Level 3.2 Armour
 - Level 2.9 Dodging


You had 6 spell levels left.
You didn't know any spells.
Your spell library was empty.

Dungeon Overview and Level Annotations

Branches:
Dungeon (5/15)             Temple (0/1) D:4

Altars:


Innate Abilities, Weirdness & Mutations

You reflexively headbutt those who attack you in melee.
You have a pair of horns on your head.


Message History

Found a pair of glowing gloves and a viscous purple potion.
Found a stone staircase leading up.
There is a stone staircase leading up here.
You may need something to eat soon, looking for food.
Can't find anything matching that.
Okay, then.
D - a pair of glowing gloves You start putting on your armour.
You continue putting on your pair of glowing gloves. x4
You finish putting on your +1 pair of gloves.
Drop what? 30/52 slots (_ for help) (? for menu, Esc to quit)
You drop a +0 animal skin.
You drop a glowing spear.
You drop a dagger of venom.
You drop a mace of venom.
Oops, that ring feels deathly cold.
C - a cursed ring of loudness (left hand)
As you read the scroll labeled OKHLUE JULENOL, it crumbles to dust.
You assume a fearsome visage.
Nothing appears to happen.
It was a scroll of fear.
As you read the scroll labeled DUSSIE HYUC, it crumbles to dust.
It is a scroll of enchant armour.
Your +1 pair of gloves glows green for a moment.
As you read the scroll labeled FONANW HIYBRYSK, it crumbles to dust.
You feel as if something is helping you.
It was a scroll of remove curse.
Drop what? 26/52 slots (_ for help) (? for menu, Esc to quit)
You remove your ring of loudness {Stlth-}.
You drop an uncursed ring of loudness {Stlth-}.
As you read the scroll labeled REBUSAC VURO, it crumbles to dust.
It is a scroll of identify.
u - an uncursed amulet of magic regeneration You may need something to eat soon, looking for food.
Can't find anything matching that.
Okay, then.
l - 5 viscous purple potions (gained 1)
You are feeling very hungry.
An orc warrior and an orc wizard come into view.
The orc warrior shouts!
The orc wizard shouts!
An orc wizard comes into view.
It is wielding a dagger of electrocution.
The orc wizard shouts!
The orc wizard mumbles some strange words.
The orc wizard flickers and vanishes!
Deactivating autopickup; reactivate with Ctrl-A.
The orc warrior hits you but does no damage.
You slash the orc warrior!
You headbutt the orc warrior, but do no damage.
The orc wizard hits you but does no damage.
You hit the orc warrior but do no damage.
The orc warrior hits you with a halberd!!
You take 21 damage, and have 43/64 hp.
MASSIVE DAMAGE!!
A red film seems to cover your vision as you go berserk!
You feel yourself moving faster!
You feel mighty!
You are near starving!
The orc wizard hits you but does no damage.
The orc warrior barely misses you. You furiously retaliate!
You headbutt the orc warrior! Something hits you but does no damage.
You now have 64/96 hp.
You barely miss the orc warrior. Your headbutt misses the orc warrior.
The orc wizard points at you and mumbles some strange words.
You are confused.
The orc warrior hits you with a halberd!
You take 15 damage, and have 49/96 hp.
The orc wizard hits you but does no damage.
You feel a strong urge to attack something.
You slash something! Your headbutt misses something.
You hear some strange, mumbled words.
Something tries to affect you, but you resist.
You're too confused to move!
You feel a strong urge to attack something.
The orc warrior hits you from afar with a halberd!
Something hits you but does no damage.
You are electrocuted!
* * * LOW HITPOINT WARNING * * *
You take 26 damage, and have 24/96 hp.
MASSIVE DAMAGE!!
You're too confused to move!
You're too confused to move!
You feel your anger nearly subside.
You are no longer berserk.
You are exhausted.
You feel yourself slow down.
The orc wizard mumbles some strange words.
The orc wizard flickers and vanishes!
Something hits you but does no damage.
The orc warrior hits you from afar with a halberd.
* * * LOW HITPOINT WARNING * * *
You now have 15/64 hp.
You miss something. Something hits you but does no damage. Something hits you.
* * * LOW HITPOINT WARNING * * *
The orc warrior hits you but does no damage.
Something hits you but does no damage.
Unknown command.
You closely miss something. Trog accepts your kill.
Trog appreciates your killing of a magic user.
Reactivating autopickup.
You feel a bit more experienced.
You feel less confused.
The orc warrior hits you from afar with a halberd!!
You die...

#..## #. ##...#
#.. #....#
...##....#
.........#
#....?.#
#.....o#
##....{)##
#.....@..#
#........####
##...........##
#.............#
##....=.......#
#.............#
#..##..........#
#..#
#####.....## ...
#.....#


You could see an orc warrior.

Vanquished Creatures
  A sky beast (D:3)
  The ghost of anubisbafoobis the Skirmisher, an amateur HOGl (D:3)
  A phantom (D:4)
  A jelly (D:3)
  2 orc wizards
  A worker ant (D:4)
  12 mummies (Ossuary)
  5 adders
  A gnoll (D:1)
  2 oozes
  An adder skeleton (D:4)
  A worm (D:2)
  A dart slug (D:2)
  27 orcs
  7 bats
  3 giant cockroaches
  9 goblins
  5 hobgoblins
  4 jackals (D:1)
  9 kobolds
  2 quokkas (D:2)
  A ball python (D:1)
  4 frilled lizards
  2 gnoll skeletons (Ossuary)
  2 goblin skeletons (Ossuary)
  A jackal skeleton (D:4)
  2 kobold skeletons (Ossuary)
  A leopard gecko skeleton (D:4)
  2 orc skeletons (Ossuary)
  10 rats
  11 rat skeletons (Ossuary)
132 creatures vanquished.

Notes
Turn   | Place    | Note
-------+----------+-------------------------------------------
     0 | D:1      | Firecrotchwizard the Minotaur Berserker began the quest for the Orb.
     0 | D:1      | Reached XP level 1. HP: 19/19 MP: 0/0
   178 | D:1      | Reached XP level 2. HP: 25/27 MP: 1/1
   184 | D:1      | Reached skill level 4 in Long Blades
   356 | D:1      | Reached skill level 4 in Fighting
   356 | D:1      | Reached XP level 3. HP: 25/33 MP: 2/2
   360 | D:1      | Reached skill level 3 in Armour
   526 | D:1      | Reached ** piety under Trog
  1012 | D:2      | Reached XP level 4. HP: 40/40 MP: 3/3
  1722 | D:3      | Reached skill level 5 in Long Blades
  1741 | D:3      | Noticed a sky beast
  1751 | D:3      | Noticed anubisbafoobis's ghost (amateur HOGl)
  1755 | D:3      | Killed a sky beast
  1755 | D:3      | Reached skill level 5 in Fighting
  1755 | D:3      | Reached skill level 6 in Long Blades
  1755 | D:3      | Reached XP level 5. HP: 28/48 MP: 4/4
  1887 | D:3      | HP: 5/48 [anubisbafoobis's ghost (9)]
  1890 | D:3      | Killed anubisbafoobis's ghost
  1890 | D:3      | Reached XP level 6. HP: 7/56 MP: 5/5
  2703 | D:3      | Reached skill level 7 in Long Blades
  2833 | D:4      | Found a sand-covered staircase.
  2845 | D:4      | Reached *** piety under Trog
  2855 | Ossuary  | Entered an ossuary
  3384 | Ossuary  | Reached skill level 6 in Fighting
  3411 | Ossuary  | Reached XP level 7. HP: 55/63 MP: 6/6
  3604 | D:4      | Reached skill level 8 in Long Blades
  3983 | D:4      | Found a staircase to the Ecumenical Temple.
  4000 | D:4      | Reached **** piety under Trog
  4452 | D:5      | Entered Level 5 of the Dungeon
  4492 | D:5      | HP: 24/96 [something (16)]
  4496 | D:5      | Slain by an orc warrior

Vault maps used:
D:1:      minmay_arrival_up_and_down, minmay_tetromino_s4
D:2:      hangedman_abyss_or_decor_lesser_grid, kennysheep_generic_room_13
D:4:      minmay_temple_entry_nine_rooms, nicolae_ossuary_entry_monument
D:5:      first_ration
Ossuary:  ossuary_due_small_catacomb

Skill      XL: |  1  2  3  4  5  6  7 |
---------------+----------------------+-----
Long Blades    | 4 6 7 8 |  8.5
Fighting       | 4 5 6 |  6.5
Armour         | 3 |  3.2
Dodging        | |  2.9

Action                   |  1- 3 |  4- 6 |  7- 9 || total
-------------------------+-------+-------+-------++-------
Melee: Falchion          |    83 |   196 |    39 ||   318
       Headbutt          |     9 |    44 |    10 ||    63
       Long sword        |       |       |    29 ||    29
Invok: Berserk           |     1 |       |     1 ||     2
  Use: Scroll            |       |       |     4 ||     4
  Eat: Chunk             |     1 |     7 |       ||     8
       Ration            |       |       |     1 ||     1
Armor: Chain mail        |    57 |    76 |    42 ||   175
       Animal skin       |     1 |       |       ||     1
Dodge: Dodged            |    38 |    64 |    30 ||   132
       Rpst.: Falchion   |    10 |    12 |     3 ||    25
       Long sword        |       |       |     6 ||     6

Table legend:
 A = Spawn XP
 B = Non-spawn XP
 C = Spawn XP percentage of total XP
 D = Spawn monster count
 E = Non-spawn monster count
 F = Spawn count percentage of total count
 G = Total turns spent on level
                    A         B        C        D         E        F      G
               +---------+---------+-------+---------+---------+-------+---------
         Total |       0 |    1051 |   0.0 |       0 |     131 |   0.0 |  4496
               +---------+---------+-------+---------+---------+-------+---------
           D:1 |       0 |      67 |   0.0 |       0 |      32 |   0.0 |   814
           D:2 |       0 |      57 |   0.0 |       0 |      17 |   0.0 |  1262
           D:3 |       0 |     406 |   0.0 |       0 |      31 |   0.0 |   733
           D:4 |       0 |     248 |   0.0 |       0 |      20 |   0.0 |  1008
           D:5 |       0 |      36 |   0.0 |       0 |       1 |   0.0 |    44
       Ossuary |       0 |     237 |   0.0 |       0 |      30 |   0.0 |   635
               +---------+---------+-------+---------+---------+-------+---------

Vault maps used:
D:1:      minmay_arrival_up_and_down, minmay_tetromino_s4
D:2:      hangedman_abyss_or_decor_lesser_grid, kennysheep_generic_room_13
D:4:      minmay_temple_entry_nine_rooms, nicolae_ossuary_entry_monument
D:5:      first_ration
Ossuary:  ossuary_due_small_catacomb

Table legend:
 A = Turns spent in this place as a percentage of turns spent in the entire game.
 B = Non-inter-level travel turns spent in this place as a percentage of non-inter-level travel turns spent in the entire game.
 C = Inter-level travel turns spent in this place as a percentage of turns spent in this place.
 D = Turns resting spent in this place as a percentage of non-inter-level travel turns spent in this place.
 E = Turns spent auto-exploring this place as a percentage of non-inter-level travel turns spent in this place.
 F = Non-inter-level travel turns spent in this place divided by the number of levels of this place that you've seen.
                   A       B       C       D       E      F
               +-------+-------+-------+-------+-------+----------------------
         Total | 100.0 | 100.0 |   3.0 |  30.9 |  52.2 | 726.7
       Dungeon |  85.9 |  85.4 |   3.5 |  26.3 |  57.8 | 745.0
       Ossuary |  14.1 |  14.6 |   0.0 |  57.6 |  19.7 | 635.0
               +-------+-------+-------+-------+-------+----------------------

Table legend:
 A = Kills in this place as a percentage of kills in entire the game.
 B = Kills by you in this place as a percentage of kills by you in the entire game.
 C = Kills by friends in this place as a percentage of kills by friends in the entire game.
 D = Other kills in this place as a percentage of other kills in the entire game.
 E = Experience gained in this place as a percentage of experience gained in the entire game.
 F = Experience gained in this place divided by the number of levels of this place that you have seen.
                   A       B       C       D       E      F
               +-------+-------+-------+-------+-------+----------------------
         Total | 100.0 | 100.0 |   N/A |   N/A | 100.0 | 175.2
       Dungeon |  77.1 |  77.1 |   N/A |   N/A |  77.5 | 162.8
       Ossuary |  22.9 |  22.9 |   N/A |   N/A |  22.5 | 237.0
               +-------+-------+-------+-------+-------+----------------------
